 BcadrenCrawl: Boulder Brew version 0.03.2.1-27-g9e5655d (webtiles) character file.

Game seed: 7757267767800622472, levelgen mode: deterministic

420 Kalegnar the Firebug (level 6, 0/5 HPs) Fairy Fire Elementalist. Began on Jan 12, 2021. Slain by a sewer rat (1 damage) ... on level 2 of the Dungeon. The game lasted 00:07:47 (1048 turns).

Kalegnar the Firebug (Fairy Fire Elementalist)      Turns: 1048, Time: 00:07:48

Health: 0/5        AC:  0    Str:  2    XL:     6 ^: 133
Magic:  3/4        EV:  9    Int: 20    God:
Gold:   166        SH:  0    Dex: 15    Spells: 3/13 levels left

rFire    . . .     Vision   .   d - ring of magical power (curse) {(Curse: Dex-2)}
rCold    . . .     Gourm    .
rNeg     . . .     Faith    .
rPois    .         Spirit   .
rElec    .         Reflect  .
rCorr    .         Harm     .
MR       +....
Stlth    +.........
HPRegen  0.11/turn
MPRegen  0.14/turn

@: flying, glowing, slow
A: tiny, no armour or weapons, only one jewelry slot, no melee attacks, fairy
magic, fairy shield, fairy light, decreased potion and divine healing, slowness
1, able to fly, insubstantial
a: Stop Flying


You were on level 2 of the Dungeon.
You were not hungry.

You visited 1 branch of the dungeon, and saw 2 of its levels.

You collected 166 gold pieces.

Inventory:

Jewellery
 d - a cursed ring of magical power (around core) {(Curse: Dex-2)}
 e - a cursed ring of resist corrosion {(Curse: *Tele)}
 f - a cursed ring of protection {(Curse: rC-)}
Scrolls
 a - a scroll of enchantment
 g - a scroll of amnesia
 i - a scroll of fog
Potions
 c - a potion of mutation
Comestibles
 b - 4 rations
 h - a chunk of flesh


   Skills:
 - Level 5.0 Dodging
 - Level 1.4 Stealth
 + Level 4.3 Spellcasting
 * Level 6.0 Fire Magic
 + Level 1.6 Poison Magic


You had 3 spell levels left.
You knew the following spells:

 Your Spells              Type           Power        Failure   Level  Hunger
a - Foxfire               Fire           25 (25)      1%          1    None
b - Searing Ray           Fire           28 (50)      1%          2    #......
c - Conjure Flame         Fire           28 (100)     3%          3    ###....
d - Sticky Flame          Fire/Pois      19 (100)     26%         4    ####...

Your spell library contained the following spells:

 Spells                   Type           Power        Failure   Level  Hunger
 Inner Flame              Hex/Fire       16 (100)     11%         3    ###....
 Fireball                 Fire           28 (200)     28%         5    ######.


Dungeon Overview and Level Annotations

Branches:
Dungeon (2/8)

Altars:
Okawaru

Shops:
D:2 }


Innate Abilities, Weirdness & Mutations

You are too small to use any gear.
You can wear a single ring or amulet completely around your body.
You are incapable of melee of any kind.
Your magic reserves are extremely low but spells that normally cost one mana are free and all other spells cost one mana.
You are extremely frail but all attacks that strike you do exactly one damage.
You exude a bright light in a small radius around yourself.
The effect of potions and godly healing effects is reduced to match your tiny health and magic reserves.
You cover ground slowly.
You can fly continuously.
Your insubstantial form boosts your evasion and grants immunity to sticky flames, nets and constriction.


Message History

The searing ray hits the sewer rat (4).
The sewer rat partially resists.
The sewer rat is moderately wounded. (7/11) HP The sewer rat bites you (4).
The searing ray misses the sewer rat.
The sewer rat bites you (6).
The searing ray misses the sewer rat.
You finish channeling your searing ray.
The sewer rat bites you (6). The sewer rat barely misses you (0).
Casting: Searing Ray (safe; 1% risk of failure)
Confirm with . or Enter, or press ? or * to list all spells.
Aiming: Searing Ray (safe; 1% risk of failure)
Press: ? - help, Shift-Dir - straight line, f/p - sewer rat
Aim: a submerged sewer rat (moderately wounded (7/11), haloed)
The searing ray misses the sewer rat. (Press . to maintain the ray.)
The sewer rat bites you (2).
* * * LOW HITPOINT WARNING * * *
The searing ray hits the sewer rat but does no damage (0).
The sewer rat is moderately wounded. (8/11) HP The sewer rat bites you (4).
You die...

##≈≈≈≈≈≈#..##.......#..≈≈≈≈.≈≈.#
#≈≈≈≈≈≈. ##≈.b........†≈≈≈...##
#≈.....≈....≈≈≈≈≈P###
#≈PP≈...#....#[≈≈≈≈≈#
P≈≈########≈..≈#≈≈≈≈≈≈# ##
≈###.≈##≈≈≈≈≈≈# #.######≈≈≈≈≈≈#
#r# #≈≈≈≈≈≈# #@# #≈≈≈≈≈≈# ###≈#
#≈≈≈≈≈≈# #..## #≈≈≈≈≈.# #≈≈#
#####≈≈≈≈..# #'####≈≈≈≈≈≈≈≈≈.#
#....'.###≈≈≈≈≈P# #.88.###
#.≈≈≈≈.# #.88.# #..≈P..# #≈...#
#.≈P≈P.#


You could see a submerged sewer rat.

Vanquished Creatures
  A water moccasin (D:2)
  A big kobold (D:2)
  A jelly (D:2)
  7 giant cockroaches
  A gnoll (D:1)
  2 cinder newts
  3 worms (D:2)
  2 oozes (D:1)
  4 dart slugs (D:1)
  5 leopard geckos
  An adder skeleton (D:2)
  3 hobgoblins (D:1)
  8 kobolds
  A ball python (D:1)
  7 bats
  7 goblins (D:1)
  3 rats
  A withered plant (D:2)
58 creatures vanquished.

Vanquished Creatures (others)
  148 foxfires
  4 toadstools (D:1)
  81 withered plants (D:2)
233 creatures vanquished.

Grand Total: 291 creatures vanquished

Notes
Turn   | Place    | Note
-------+----------+-------------------------------------------
     0 | D:1      | Kalegnar the Fairy Fire Elementalist began the quest for
                  | the Orb.
     0 | D:1      | Reached XP level 1. HP: 3/3 MP: 3/3
     9 | D:1      | Reached XP level 2. HP: 3/3 MP: 3/3
    17 | D:1      | Learned a level 2 spell: Searing Ray
    79 | D:1      | Reached skill level 4 in Fire Magic
    79 | D:1      | Reached XP level 3. HP: 4/4 MP: 3/3
   129 | D:1      | Learned a level 3 spell: Conjure Flame
   358 | D:1      | Reached XP level 4. HP: 4/4 MP: 2/3
   591 | D:1      | Reached skill level 5 in Fire Magic
   591 | D:1      | Reached XP level 5. HP: 4/4 MP: 3/3
   597 | D:1      | Learned a level 4 spell: Sticky Flame
   858 | D:2      | Reached skill level 1 in Poison Magic
   871 | D:2      | Reached XP level 6. HP: 4/5 MP: 2/3
   884 | D:2      | Noticed a water moccasin
   890 | D:2      | Killed a water moccasin
   890 | D:2      | Reached skill level 5 in Dodging
   929 | D:2      | Found an iron altar of Okawaru.
   931 | D:2      | Found Otuywk's Gadget Emporium.
  1017 | D:2      | Reached skill level 6 in Fire Magic
  1048 | D:2      | Slain by a sewer rat

Levels and vault maps discovered:
D:1:      lightli_iron_boxes, layout_basic, first_ration,
          minmay_gold_behind_fungi, amethyst_killhole
D:2:      minmay_chambers_of_fours, layout_sewer,
          grunt_temple_overflow_growth_and_decay, serial_shops, shop,
          basic_altar

Skill      XL: |  1  2  3  4  5  6 |
---------------+-------------------+-----
Dodging        | 3 4 5 |  5.0
Spellcasting   | 3 4 |  4.3
Fire Magic     | 4 5 6 |  6.0
Poison Magic   | 1 |  1.6
Stealth        | |  1.4

Action                   |  1- 3 |  4- 6 || total
-------------------------+-------+-------++-------
 Cast: Foxfire           |    31 |    59 ||    90
       Searing Ray       |     1 |     6 ||     7
 Abil: Fly               |     1 |       ||     1
  Use: Potion            |       |     1 ||     1
  Eat: Chunk             |       |     1 ||     1
Dodge: Dodged            |     3 |     6 ||     9
